 Dungeon Crawl Stone Soup version 0.27.0-1-g7a089689b8 (webtiles) character file.

Game seed: 10502380214830867533

4777 Anothat the Grappler (level 10, 0/102 HPs)
             Began as a Troll Monk on Aug 8, 2021.
             Was a Priest of Cheibriados.
             Slain by a large abomination (30 damage)
             ... on level 2 of the Abyss.
             The game lasted 00:18:27 (6809 turns).

Anothat the Grappler (Troll Monk)                   Turns: 6809, Time: 00:18:28

Health: 0/102      AC: 15    Str: 38    XL:     10   Next: 23%
Magic:  2/12       EV:  6    Int: 14    God:    Cheibriados [***...]
Gold:   975        SH:  0    Dex: 20    Spells: 9/9 levels left

rFire    + + .     SeeInvis .     - Unarmed
rCold    + . .     Faith    .   (no shield)
rNeg     . . .     Spirit   .   c - +0 gold dragon scales
rPois    +         Reflect  .   (helmet restricted)
rElec    +         Harm     .   n - +0 cloak
rCorr    .         Rampage  .   (gloves unavailable)
Will     +....                  (boots unavailable)
Stlth    ..........             (no amulet)
HPRegen  1.27/turn              g - +6 ring of strength
MPRegen  0.13/turn              q - ring "Ufotoc" {rElec rF+ Will+}

@: very slow
A: large, unfitting armour, claws 3, regeneration 1, shaggy fur 1, tough skin 1
a: Renounce Religion, Bend Time, Temporal Distortion


You were on level 2 of the Abyss.
You worshipped Cheibriados.
Cheibriados was most pleased with you.
You visited 2 branches of the dungeon, and saw 10 of its levels.
You visited the Abyss 1 time.
You also visited: Ossuary.

You collected 1495 gold pieces.
You spent 520 gold pieces at shops.

Inventory:

Missiles
 k - 3 javelins (quivered)
Armour
 a - a +0 robe
 c - +0 gold dragon scales (worn)
 n - a +0 cloak (worn)
Jewellery
 g - a +6 ring of strength (left claw)
 q - the ring "Ufotoc" (right claw) {rElec rF+ Will+}
   (You acquired it on level 1 of the Dungeon)

   [ring of protection from fire]

   rF:        It protects you from fire.
   rElec:     It insulates you from electricity.
   Will:      It increases your willpower.
 u - a +4 ring of evasion
Wands
 s - a wand of iceblast (20)
 v - a wand of paralysis (7)
Scrolls
 e - 2 scrolls of silence
 f - 7 scrolls of identify
 l - a scroll of immolation
 o - a scroll of vulnerability {unknown}
 p - a scroll of fog {unknown}
 r - a scroll of holy word {unknown}
 t - 2 scrolls of enchant weapon
Potions
 b - 4 potions of curing
 d - a potion of haste
 h - a potion of cancellation
 j - 3 potions of brilliance {unknown}
 m - a potion of berserk rage
 w - a potion of degeneration {unknown}


   Skills:
 + Level 7.0 Fighting
 - Level 3.8 Dodging
 - Level 1.0 Stealth
 * Level 14.4 Unarmed Combat
 + Level 4.5 Invocations


You had 9 spell levels left.
You didn't know any spells.
Your spell library contained the following spells:

 Spells                   Type           Power      Damage    Failure   Level
 Sting                    Tmut/Pois      0%         1d3       100%        1
 Ensorcelled Hibernation  Hex/Ice        0%         N/A       100%        2
 Poisonous Vapours        Pois/Air       0%         N/A       100%        2
 Dazzling Flash           Conj/Hex       0%         N/A       100%        3
 Spider Form              Tmut/Pois      0%         N/A       100%        3
 Iskenderun's Mystic Bla  Conj/Tloc      0%         2d3       100%        4
 Olgreb's Toxic Radiance  Pois           0%         N/A       100%        4
 Shadow Creatures         Summ           N/A        N/A       100%        6
 Starburst                Conj/Fire      0%         8x6d3     100%        6


Dungeon Overview and Level Annotations

Branches:
Dungeon (9/15)             Temple (1/1) D:6         Ossuary (visited)
   Lair: D:8-11         Orc: D:9-12

Altars:
Ashenzari
Cheibriados
Dithmenos
Elyvilon
Fedhas
Gozag
Hepliaklqana
Kikubaaqudgha
Makhleb
Nemelex Xobeh
Okawaru
Qazlal
Ru
Uskayaw
Vehumet
Wu Jian
Xom
Yredelemnul
Zin
The Shining One

Shops:
D:1 ?   D:5 :

Portals:
Bailey: D:9

Annotations:
D:3 exclusion: statue
D:9 Maggie, Psyche


Innate Abilities, Weirdness & Mutations

You are too large for most types of armour.
You have claws for hands.
Your natural rate of healing is unusually fast.
You are covered in fur. (AC +1)
You have tough skin. (AC +1)


Message History

The swamp drake disappears in a puff of smoke!
The large abomination barely misses you.
The large abomination hits you!!
Your gold dragon scales prevents you from hitting the large abomination.
The large abomination hits you!
Press: ? - help, v - describe, . - travel The floor, spattered with blood.
Okay, then.
You can feel time thicken for a moment.
You destroy the vampire mosquito!
The vampire mosquito's corpse disappears in a puff of smoke!
You destroy the vampire mosquito!
The vampire mosquito's corpse disappears in a puff of smoke!
Cheibriados lowers the support of your attributes as your movement quickens.
The worldbinder hits you but does no damage. x2
The large abomination hits you but does no damage.
The worldbinder hits you.
The worldbinder hits you but does no damage.
You can feel time thicken for a moment.
You destroy the worldbinder!
Cheibriados thoroughly appreciates the change of pace.
The swamp drake disappears in a puff of smoke!
You kill the queen bee!
Cheibriados thoroughly appreciates the change of pace.
You can no longer inflict damage on those overly hasty.
Cheibriados lowers the support of your attributes as your movement quickens.
The large abomination hits you but does no damage.
Your life force feels restored.
Your Fighting skill increases to level 7!
A small abomination comes into view.
The large abomination hits you! x2
* * * LOW HITPOINT WARNING * * *
The small abomination moves out of view.
Found a bardiche and a hand axe.
You closely miss the large abomination.
The large abomination is severely damaged.
You barely miss the large abomination.
The large abomination is severely damaged.
The large abomination hits you!!
You die...

.. ##......##.....
............... ..
...............n..
................
............ .....
#.....#.....#.. .
##.............
)...#..X.# ..##..#
.......@.##. ##..##.
............... ....
....................
)...#....##..##..##..
... ##...##..##.. #.
.. #............ . .
. ..................
.....##..##..##...
....##. ##..##..


You could see a large abomination.

Vanquished Creatures
  A worldbinder (Abyss:2)
  A queen bee (shapeshifter) (Abyss:2)
  Prince Ribbit (D:7)
  A wyvern (D:9)
  A steam dragon (D:9)
  A water moccasin (D:7)
  3 orc warriors
  2 ice beasts
  2 sky beasts
  2 black bears (D:5)
  A necrophage (D:6)
  4 ogres
  A bullfrog (D:6)
  3 scorpions
  A wyvern zombie (D:7)
  A gnoll sergeant (D:7)
  A water moccasin zombie (D:5)
  10 killer bees
  5 wights (D:8)
  4 howler monkeys
  2 centaur zombies
  2 human zombies (Ossuary)
  4 hounds
  3 jellies
  A bullfrog zombie (D:5)
  A gnoll shaman (D:8)
  2 orc priests (D:8)
  A centaur skeleton (D:5)
  4 iguanas
  6 orc wizards
  A killer bee zombie (D:5)
  2 hound zombies (D:5)
  A hound skeleton (D:4)
  2 mummies (Ossuary)
  Robin (D:3)
  A howler monkey zombie (D:7)
  11 gnolls
  8 adders
  3 white imps
  An adder zombie (Ossuary)
  An adder skeleton (D:4)
  2 worms
  3 dart slugs
  24 orcs
  6 bats
  5 endoplasms
  2 giant cockroaches
  17 goblins
  10 hobgoblins
  11 jackals
  4 quokkas
  8 ball pythons
  4 frilled lizards
  A goblin zombie (Ossuary)
  10 hobgoblin zombies (Ossuary)
  7 jackal zombies (Ossuary)
  7 kobolds
  10 kobold zombies (Ossuary)
  5 orc zombies (Ossuary)
  4 rats
  A rat zombie (Ossuary)
245 creatures vanquished.

Notes
Turn   | Place    | Note
-------+----------+-------------------------------------------
     0 | D:1      | Anothat the Troll Monk began the quest for the Orb.
     0 | D:1      | Reached XP level 1. HP: 22/22 MP: 0/0
    50 | D:1      | Reached XP level 2. HP: 24/29 MP: 1/1
   176 | D:1      | Found Kuisuj's Magic Scroll Emporium.
   252 | D:1      | Reached XP level 3. HP: 36/36 MP: 2/2
   605 | D:2      | Reached skill level 4 in Unarmed Combat
   609 | D:2      | Reached XP level 4. HP: 30/44 MP: 3/3
   702 | D:2      | Found a white marble altar of Elyvilon.
  1263 | D:2      | Found a faded altar of an unknown god.
  1533 | D:3      | Noticed Robin
  1546 | D:3      | Reached XP level 5. HP: 52/53 MP: 4/4
  1591 | D:3      | Killed Robin
  1619 | D:3      | Found a radiant altar of Vehumet.
  1619 | D:3      | Noticed a frost-covered statue
  2227 | D:3      | Identified a scroll of acquirement
  2227 | D:3      | Acquired a manual of Unarmed Combat
  2253 | D:4      | Found a sand-covered staircase.
  2254 | D:4      | Noticed an ogre
  2259 | D:4      | Killed an ogre
  2260 | D:4      | Reached skill level 5 in Unarmed Combat
  2260 | D:4      | Reached XP level 6. HP: 43/61 MP: 5/5
  2328 | Ossuary  | Entered an ossuary
  2447 | Ossuary  | Reached skill level 6 in Unarmed Combat
  2853 | D:4      | Found a glowing silver altar of Zin.
  2853 | D:4      | Noticed an angel
  3016 | D:4      | Reached skill level 7 in Unarmed Combat
  3034 | D:4      | Found a hide-covered altar of Uskayaw.
  3050 | D:4      | Reached XP level 7. HP: 68/68 MP: 6/6
  3226 | D:5      | Entered Level 5 of the Dungeon
  3234 | D:5      | Found Boisigha's Book Shop.
  3292 | D:5      | Found a stormy altar of Qazlal.
  3313 | D:5      | Acquired 1154 gold pieces
  3634 | D:1      | Bought a scroll of acquirement for 520 gold pieces
  3634 | D:1      | Acquired the ring "Ufotoc" {rElec rF+ Will+}
  3747 | D:5      | Reached skill level 8 in Unarmed Combat
  3971 | D:5      | Reached skill level 9 in Unarmed Combat
  4085 | D:5      | Reached XP level 8. HP: 73/79 MP: 7/7
  4095 | D:5      | Reached skill level 10 in Unarmed Combat
  4099 | D:5      | Reached skill level 5 in Fighting
  4483 | D:6      | Reached skill level 11 in Unarmed Combat
  4484 | D:6      | Found a staircase to the Ecumenical Temple.
  4524 | Temple   | Entered the Ecumenical Temple
  4591 | Temple   | Became a worshipper of Cheibriados the Contemplative
  4591 | Temple   | Reached * piety under Cheibriados
  4591 | Temple   | Reached ** piety under Cheibriados
  4975 | D:6      | Reached skill level 1 in Invocations
  5299 | D:7      | Reached skill level 12 in Unarmed Combat
  5414 | D:7      | Reached XP level 9. HP: 89/89 MP: 9/9
  5592 | D:7      | Noticed Prince Ribbit
  5597 | D:7      | Killed Prince Ribbit
  5661 | D:7      | Reached skill level 13 in Unarmed Combat
  5720 | D:7      | Reached *** piety under Cheibriados
  6115 | D:8      | Identified the +2 rapier of Dissolution {pain, *Slow rElec
                  | MP+9 Int+3}
  6185 | D:8      | Found an ornate altar of the Wu Jian Council.
  6201 | D:8      | Reached **** piety under Cheibriados
  6530 | D:9      | Reached skill level 14 in Unarmed Combat
  6581 | D:9      | Reached XP level 10. HP: 77/100 MP: 12/12
  6607 | D:9      | Found a flagged portal.
  6695 | D:9      | Noticed Psyche
  6696 | D:9      | Noticed Maggie
  6698 | D:9      | Identified the +8 great sword "Zellantim" {antimagic, *Rage
                  | rC++ rN++}
  6708 | D:9      | Paralysed by something for 2 turns
  6711 | D:9      | Cast into level 2 of the Abyss (Psyche)
  6711 | Abyss:2  | Found a corrupted altar of Lugonu.
  6800 | Abyss:2  | Noticed a worldbinder
  6801 | Abyss:2  | Noticed a large abomination
  6802 | Abyss:2  | Noticed a bog body
  6806 | Abyss:2  | Killed a worldbinder
  6809 | Abyss:2  | Slain by a large abomination

Illustrated notes

Levels and vault maps discovered:
D:1:      doesnt_arrival_eight_statues, layout_rooms, serial_shops, shop
D:2:      layout_basic, hellmonk_ecumenical_altar_leap_of_faith, basic_altar,
          grunt_ministairs_5, minmay_misc_feat_doors,
          kennysheep_decorative_pillar
D:3:      layout_loops_ring, vehumet_statue, uniq_robin
D:4:      layout_basic, zin_angel, lemuel_crystal_altar, enter_ossuary_1
D:5:      layout_cave_pools, nicolae_qazlal_general_emergency, serial_undead,
          serial_undead_f, serial_undead_a, serial_undead_a, serial_undead_b,
          serial_shops, shop, minmay_fractal_squares_diagonal_5
D:6:      layout_basic, minmay_temple_entry_wispy
D:7:      layout_loops_ring, uniq_prince_ribbit1
D:8:      layout_basic, mainiacjoe_overflow_catwalk
D:9:      layout_roguey [special_room_orc],
          nzn_overflow_gifts_of_might_and_magic, enter_bailey_6,
          gammafunk_ghost_wrathful_warriors, minmay_misc_feat_secret_circle,
          minivault_16, serial_park_tiny_2, minmay_misc_feat_nine_boxes,
          uniq_psyche, uniq_maggie
Temple:   regret_index_temple_waves
Abyss:2:  base: D:7, base: D:3, base: Bailey, evilmike_abyss_exit_chaos

Skill      XL: |  1  2  3  4  5  6  7  8  9 10 |
---------------+-------------------------------+-----
Unarmed Combat | 4 5 7 9 12 14 | 14.4
Fighting       | 3 4 5 6 7 |  7.0
Dodging        | 3 |  3.8
Invocations    | 1 4 |  4.5
Stealth        | |  1.0

Action                   |  1- 3 |  4- 6 |  7- 9 | 10-12 || total
-------------------------+-------+-------+-------+-------++-------
Melee: Unarmed           |    91 |   242 |   254 |    19 ||   606
       Punch             |     1 |     6 |    13 |     1 ||    21
Invok: Slouch            |       |       |       |     2 ||     2
Evoke: Wand              |       |       |       |     1 ||     1
  Use: Scroll            |       |     9 |     2 |       ||    11
       Potion            |       |       |       |     2 ||     2
 Stab: Sleeping          |     4 |     5 |       |       ||     9
Armor: Robe              |    30 |    42 |       |       ||    72
       Gold dragon scale |       |    77 |   202 |    23 ||   302
Dodge: Dodged            |    53 |    71 |    71 |     9 ||   204
